 Dungeon Sprint DCSS version 0.28-a0-750-g7c675f85b1 (webtiles) character file.

Game seed: 15646172356451381769

38044 mhtbhm the Slayer (level 13, 0/145 HPs)
             Began as a Minotaur Fighter on Oct 30, 2021.
             Was the Champion of Okawaru.
             Constricted to death by a nagaraja (2 damage)
             ... in the Dungeon (Sprint IX: "|||||||||||||||||||||||||||||").
             The game lasted 00:15:04 (4997 turns).

mhtbhm the Slayer (Minotaur Fighter)                Turns: 4997, Time: 00:15:05

Health: 0/145      AC: 25    Str: 31    XL:     13   Next: 61%
Magic:  22/22      EV: 10    Int:  5    God:    Okawaru [******]
Gold:   18         SH:  8    Dex: 10    Spells: 9/12 levels left

rFire   . . .      SeeInvis .   a - +1 demon trident of Joytz {drain, Str+4}
rCold   . . .      Faith    .   c - +0 buckler
rNeg    . . .      Spirit   .   b - +2 plate armour {rPois}
rPois   +          Reflect  .   y - +0 hat
rElec   .          Harm     .   w - scarf {repulsion}
rCorr   +          Rampage  +   E - +0 pair of gloves of Heibra Daxea {Rampage Drain rCorr Str-2}
Will    .....      NoTele   +   m - +0 pair of boots
Stlth   ..........              D - amulet of regeneration
HPRegen 1.34/turn               n - +3 ring of strength
MPRegen 0.18/turn               o - +2 ring of evasion

@: untranslocatable, slowed, constricted, repel missiles, very slow
A: horns 2, retaliatory headbutt
a: Renounce Religion, Heroism, Finesse


You were in the Dungeon.
You worshipped Okawaru.
Okawaru was exalted by your worship.
You visited 1 branch You collected 1942 gold pieces.
You spent 1924 gold pieces at shops.

Inventory:

Hand Weapons
 a - the +1 demon trident of Joytz (weapon) {drain, Str+4}
   (Okawaru gifted it to you in the Dungeon)

   A truly terrible weapon, it drains the life of any living foe it strikes.
   Str:       It affects your strength (+4).
 A - the +8 spear of the Eel {protect, rF+++ Will+ Dex-4}
   (You found it in the Dungeon)

   It grants its wielder temporary protection when it strikes (+7 to AC).
   Dex:       It affects your dexterity (-4).
   rF:        It renders you almost immune to fire.
   Will:      It increases your willpower.
Missiles
 u - a throwing net
Armour
 b - a +2 plate armour of poison resistance (worn)
 c - a +0 buckler (worn)
 m - a +0 pair of boots (worn)
 w - a scarf of repulsion (worn)
 y - a +0 hat (worn)
 E - the +0 pair of gloves of Heibra Daxea (worn) {Rampage Drain rCorr Str-2}
   (You found it in the Dungeon)

   Str:       It affects your strength (-2).
   rCorr:     It protects you from acid and corrosion.
   Drain:     It drains your maximum health when unequipped.
   Rampage:   It bestows one free step when moving towards enemies.
Jewellery
 i - a ring of fire
 n - a +3 ring of strength (left hand)
 o - a +2 ring of evasion (right hand)
 B - a ring of see invisible
 C - a ring of ice
 D - an amulet of regeneration (around neck)
Scrolls
 j - a scroll of blinking
 k - 2 scrolls of amnesia
 p - a scroll of fog
 q - 8 scrolls of enchant weapon
 F - a scroll of identify
Potions
 d - 2 potions of invisibility
 e - 9 potions of curing
 g - a potion of might
 h - 4 potions of magic
 s - 2 potions of mutation
 t - 3 potions of ambrosia
 v - a potion of attraction {unknown}
 x - 4 potions of brilliance
 z - a potion of cancellation


   Skills:
 + Level 21.8 Fighting
 + Level 21.3 Polearms
 + Level 0.4 Throwing
 + Level 20.2 Armour
 + Level 8.4 Dodging
 + Level 17.2 Shields
 * Level 14.4 Invocations
 + Level 3.8 Evocations


You had 9 spell levels left.
You knew the following spells:

 Your Spells              Type           Power      Damage    Failure   Level
a - Mephitic Cloud        Conj/Pois/Air  0%         N/A       99%         3

Your spell library contained the following spells:

 Spells                   Type           Power      Damage    Failure   Level
 Magic Dart               Conj           0%         1d3       90%         1
 Call Imp                 Summ           Unusable   N/A       N/A         2

Dungeon Overview and Level Annotations

Branches:
Dungeon (1/1)

Altars:
Cheibriados
Dithmenos
Elyvilon
Fedhas
Gozag
Hepliaklqana
Kikubaaqudgha
Makhleb
Nemelex Xobeh
Okawaru
Qazlal
Ru
Sif Muna
Trog
Uskayaw
Vehumet
Wu Jian
Xom
Yredelemnul
Zin
The Shining One
Beogh
Jiyva
Lugonu

Shops:
D :![:


Innate Abilities, Weirdness & Mutations

You have a pair of horns on your head.
You reflexively headbutt those who attack you in melee.


Message History

Unknown command.
Unknown command.
Unknown command.
You feel better.
The nagaraja hits you with a +1 whip of distortion!
* * * LOW HITPOINT WARNING * * *
The nagaraja grabs you. The nagaraja constricts you.
* * * LOW HITPOINT WARNING * * *
The nagaraja hits you but does no damage.
Space warps around you.
* * * LOW HITPOINT WARNING * * *
The nagaraja constricts you.
* * * LOW HITPOINT WARNING * * *
Unknown command.
Unknown command.
Unknown command.
You feel better. The nagaraja spits poison at you.
The splash of poison hits you but does no damage.
The nagaraja constricts you.
The nagaraja hits you but does no damage.
The nagaraja constricts you.
* * * LOW HITPOINT WARNING * * *
Unknown command.
Unknown command.
You completely miss the nagaraja.
You headbutt the nagaraja, but do no damage.
The nagaraja is almost dead.
You block the nagaraja's attack. The nagaraja constricts you.
You closely miss the nagaraja.
The nagaraja is almost dead.
You block the nagaraja's attack. The nagaraja constricts you.
The nagaraja closely misses you. The nagaraja constricts you.
* * * LOW HITPOINT WARNING * * *
You hit the nagaraja. You drain the nagaraja.
The nagaraja is almost dead.
The nagaraja hits you with a +1 whip of distortion!
* * * LOW HITPOINT WARNING * * *
The nagaraja constricts you.
You die...

▓▓▓▓♣♣♣♣♣♣♣♣♣♣▓▓▓▓▓▓▓▓▓▓▓▓▓▓▓▓▓▓▓
..[÷'.).....†.'.@NS....†))†......
▓▓▓▓♣♣♣♣♣♣♣♣♣♣▓▓▓▓▓▓▓▓▓▓▓▓▓▓▓▓▓▓▓
.................................
▓▓▓▓▓▓▓▓▓▓▓▓▓▓▓▓▓▓▓▓▓▓▓▓▓▓▓▓▓▓▓▓▓
...=))))).)).[[[[[[[[..........')
▓▓▓▓▓▓▓▓▓▓▓▓▓▓▓▓▓▓▓▓▓▓▓▓▓▓▓▓▓▓▓▓▓
....................†).†.........
▓▓▓▓▓▓▓▓▓▓▓▓▓▓▓▓▓▓▓▓▓▓▓▓▓▓▓▓▓▓▓▓▓
..[))[).[[......))...........'...


You could see a nagaraja (fast, curare, drained) and a guardian serpent.

Vanquished Creatures
  Gastronok (D)
  A nagaraja (D)
  A frost giant (D)
  A very ugly thing (D)
  2 bunyips (D)
  2 entropy weavers (D)
  An eleionoma (D)
  An ettin (D)
  A shambling mangrove (D)
  Harold (D)
  3 hydras (D)
  An ice dragon (D)
  2 ogre magi (D)
  An alligator (D)
  4 centaur warriors (D)
  A two-headed ogre (D)
  A shock serpent (D)
  2 deep troll shamans (D)
  7 deep trolls (D)
  2 iron trolls (D)
  2 swamp dragons (D)
  A spriggan druid (D)
  A flayed ghost (D)
  A bog body (D)
  A wizard (D)
  2 orc knights (D)
  3 ugly things (D)
  An orb spider (shapeshifter) (D)
  A wolf spider (D)
  An orb spider (D)
  A cyclops (D)
  2 manticores (D)
  6 black mambas (D)
  A naga mage (D)
  A cane toad (D)
  A torpor snail (D)
  2 hornets (D)
  2 blink frogs (D)
  3 polar bears (D)
  A troll (D)
  A slime creature (D)
  A raiju (D)
  A wraith (D)
  2 redbacks (D)
  3 yaks (D)
  Grum (D)
  2 water moccasins (D)
  11 orc warriors (D)
  5 black bears (D)
  A necrophage (D)
  2 wolves (D)
  2 centaurs (D)
  6 bullfrogs (D)
  A scorpion (D)
  A wight (D)
  A howler monkey (D)
  An orc priest (D)
  A gnoll shaman (D)
  2 orc wizards (D)
  A white imp (D)
  An adder zombie (D)
  11 orcs (D)
  An endoplasm (D)
  A jackal (D)
  A kobold (D)
  2 ball pythons (D)
133 creatures vanquished.

Notes
Turn   | Place    | Note
-------+----------+-------------------------------------------
     0 | D        | mhtbhm the Minotaur Fighter began the quest for the Orb.
     0 | D        | Reached XP level 1. HP: 19/19 MP: 0/0
   139 | D        | Noticed a necrophage
   139 | D        | Noticed a scorpion
   144 | D        | Reached XP level 2. HP: 28/28 MP: 1/1
   149 | D        | Killed a necrophage
   150 | D        | Reached skill level 1 in Dodging
   150 | D        | Reached XP level 3. HP: 17/38 MP: 2/2
   150 | D        | Reached XP level 4. HP: 20/45 MP: 3/3
   152 | D        | Killed a scorpion
   153 | D        | Reached XP level 5. HP: 15/52 MP: 4/4
   166 | D        | Found a snail-covered altar of Cheibriados.
   166 | D        | Found a shadowy altar of Dithmenos.
   166 | D        | Found a white marble altar of Elyvilon.
   166 | D        | Found a blossoming altar of Fedhas.
   166 | D        | Found an opulent altar of Gozag.
   167 | D        | Found a hazy altar of Hepliaklqana.
   168 | D        | Found a viscous altar of Jiyva.
   169 | D        | Found an ancient bone altar of Kikubaaqudgha.
   170 | D        | Found a corrupted altar of Lugonu.
   171 | D        | Found a burning altar of Makhleb.
   172 | D        | Found a sparkling altar of Nemelex Xobeh.
   173 | D        | Found an iron altar of Okawaru.
   174 | D        | Found a stormy altar of Qazlal.
   175 | D        | Found a sacrificial altar of Ru.
   176 | D        | Found a shimmering blue altar of Sif Muna.
   177 | D        | Found a bloodstained altar of Trog.
   178 | D        | Found a hide-covered altar of Uskayaw.
   179 | D        | Found a radiant altar of Vehumet.
   180 | D        | Found an ornate altar of the Wu Jian Council.
   181 | D        | Found a shimmering altar of Xom.
   183 | D        | Became a worshipper of Warmaster Okawaru
   185 | D        | Found a basalt altar of Yredelemnul.
   186 | D        | Found a glowing silver altar of Zin.
   187 | D        | Found a glowing golden altar of the Shining One.
   468 | D        | Noticed a centaur
   468 | D        | Noticed a two-headed ogre
   468 | D        | Noticed a wraith
   480 | D        | Killed a two-headed ogre
   480 | D        | Reached * piety under Okawaru
   480 | D        | Reached ** piety under Okawaru
   481 | D        | Reached skill level 10 in Fighting
   481 | D        | Reached XP level 6. HP: 67/67 MP: 5/5
   481 | D        | Reached XP level 7. HP: 73/73 MP: 6/6
   483 | D        | Reached skill level 10 in Shields
   488 | D        | Killed a wraith
   495 | D        | Reached XP level 8. HP: 62/82 MP: 7/7
   587 | D        | Noticed a centaur warrior
   587 | D        | Noticed a centaur warrior
   587 | D        | Noticed a green ugly thing
   587 | D        | Noticed a manticore
   601 | D        | Killed a centaur warrior
   601 | D        | Reached *** piety under Okawaru
   610 | D        | Killed a centaur warrior
   611 | D        | Reached XP level 9. HP: 32/93 MP: 8/8
   643 | D        | Killed a green ugly thing
   643 | D        | Reached **** piety under Okawaru
   650 | D        | Killed a manticore
   651 | D        | Reached skill level 1 in Evocations
   995 | D        | Noticed a cane toad
  1001 | D        | Killed a cane toad
  1021 | D        | Reached skill level 5 in Dodging
  1031 | D        | Reached XP level 10. HP: 88/102 MP: 12/12
  1086 | D        | Reached skill level 15 in Armour
  1086 | D        | Reached skill level 5 in Invocations
  1094 | D        | Reached ***** piety under Okawaru
  1126 | D        | Noticed a six-headed hydra
  1126 | D        | Noticed a six-headed hydra
  1126 | D        | Noticed a black mamba
  1133 | D        | Noticed a black mamba
  1154 | D        | Killed a six-headed hydra
  1154 | D        | Received a gift from Okawaru
  1159 | D        | Killed a six-headed hydra
  1169 | D        | Killed a black mamba
  1170 | D        | Reached skill level 15 in Polearms
  1173 | D        | Killed a black mamba
  1192 | D        | Reached skill level 15 in Fighting
  1528 | D        | Reached XP level 11. HP: 112/112 MP: 15/15
  1572 | D        | Noticed Harold
  1592 | D        | Killed Harold
  1844 | D        | Noticed an orc knight
  1844 | D        | Noticed an orc knight
  2023 | D        | Killed an orc knight
  2375 | D        | Killed an orc knight
  2621 | D        | Found Ilealey's Book Emporium.
  2621 | D        | Noticed a deep troll
  2621 | D        | Noticed an ettin
  2621 | D        | Noticed an ogre mage
  2621 | D        | Noticed an ogre mage
  2622 | D        | Noticed an iron troll
  2630 | D        | Noticed a deep troll
  2632 | D        | Killed a deep troll
  2640 | D        | Noticed a deep troll
  2640 | D        | HP: 2/115 [ettin (12)]
  2963 | D        | Killed an ettin
  2963 | D        | Received a gift from Okawaru
  3449 | D        | Killed an ogre mage
  3471 | D        | Killed an ogre mage
  3591 | D        | Killed a deep troll
  3616 | D        | Killed a deep troll
  3617 | D        | Reached skill level 10 in Invocations
  3668 | D        | Noticed a deep troll
  3685 | D        | Killed a deep troll
  3685 | D        | Identified the +1 demon trident of Joytz {drain, Str+4}
                  | (Okawaru gifted it to you in the Dungeon)
  3685 | D        | Received a gift from Okawaru
  3702 | D        | Killed an iron troll
  3887 | D        | Found Saul's Distillery.
  3891 | D        | Found Yruy's Armour Emporium.
  3895 | D        | Found Xacoof's Book Shoppe.
  3898 | D        | Noticed an iron troll
  3899 | D        | Noticed a deep troll
  3900 | D        | Noticed a deep troll
  3901 | D        | Noticed a deep troll
  3915 | D        | Killed an iron troll
  3916 | D        | Reached XP level 12. HP: 105/127 MP: 18/18
  4156 | D        | Bought 2 potions of invisibility for 224 gold pieces
  4156 | D        | Bought a potion of curing for 42 gold pieces
  4156 | D        | Bought 2 potions of curing for 84 gold pieces
  4156 | D        | Bought a potion of curing for 42 gold pieces
  4156 | D        | Bought a potion of curing for 42 gold pieces
  4156 | D        | Bought a potion of heal wounds for 70 gold pieces
  4158 | D        | Bought a scarf of repulsion for 144 gold pieces
  4166 | D        | Bought a +2 plate armour of poison resistance for 444 gold
                  | pieces
  4184 | D        | Bought a book of Minor Magic for 216 gold pieces
  4188 | D        | Learned a level 3 spell: Mephitic Cloud
  4204 | D        | Bought a potion of ambrosia for 112 gold pieces
  4204 | D        | Bought a potion of ambrosia for 112 gold pieces
  4204 | D        | Bought a potion of ambrosia for 112 gold pieces
  4204 | D        | Bought 2 potions of brilliance for 112 gold pieces
  4204 | D        | Bought a potion of brilliance for 56 gold pieces
  4204 | D        | Bought a potion of cancellation for 112 gold pieces
  4254 | D        | Noticed Grum
  4256 | D        | Noticed Gastronok
  4261 | D        | Killed Grum
  4270 | D        | Killed Gastronok
  4271 | D        | Reached skill level 15 in Shields
  4356 | D        | Got the +8 spear of the Eel {protect, rF+++ Will+ Dex-4}
  4368 | D        | Got the +0 pair of gloves of Heibra Daxea {Rampage Drain
                  | rCorr Str-2}
  4404 | D        | Noticed a centaur warrior
  4410 | D        | Noticed a centaur warrior
  4410 | D        | Killed a centaur warrior
  4410 | D        | Reached ****** piety under Okawaru
  4415 | D        | Noticed a deep troll shaman
  4417 | D        | Noticed an ice dragon
  4421 | D        | Received a gift from Okawaru
  4438 | D        | Noticed a deep troll shaman
  4439 | D        | Killed a centaur warrior
  4442 | D        | Killed a deep troll shaman
  4443 | D        | Noticed a purple very ugly thing
  4445 | D        | Killed an ice dragon
  4449 | D        | Killed a deep troll shaman
  4451 | D        | Noticed a frost giant
  4458 | D        | Killed a purple very ugly thing
  4465 | D        | Killed a frost giant
  4465 | D        | Received a gift from Okawaru
  4597 | D        | Noticed an eleionoma
  4597 | D        | Noticed a bunyip
  4597 | D        | Noticed an alligator
  4597 | D        | Noticed a shambling mangrove
  4605 | D        | Killed an eleionoma
  4610 | D        | Killed a bunyip
  4611 | D        | Reached XP level 13. HP: 88/140 MP: 21/21
  4611 | D        | Noticed a bunyip
  4624 | D        | Received a gift from Okawaru
  4663 | D        | Killed a bunyip
  4794 | D        | Noticed an entropy weaver
  4794 | D        | Noticed an entropy weaver
  4806 | D        | Killed an entropy weaver
  4832 | D        | Killed an entropy weaver
  4946 | D        | Noticed a nagaraja
  4951 | D        | Killed a nagaraja
  4952 | D        | Noticed a nagaraja
  4985 | D        | HP: 3/145 [constriction (5)]
  4997 | D        | HP: 2/145 [nagaraja (13)]
  4997 | D        | Constricted to death by a nagaraja

Illustrated notes

Levels and vault maps discovered:
D:        linesprint [early_d, line_temple, items_1, d_10, items_2, lair_1,
          lair_end, items_3, orc_1, orc_end, items_4, d_15, swamp_1, shoals_1,
          snake_1, spider_1, d_20, vaults_1, items_5, swamp_end, shoals_end,
          snake_end, spider_end, vaults_end, d_27, items_6, zot_1, zot_end,
          crypt_end, forest_end, elf_end, slime_end, tomb_end, abyss_end,
          pan_hell_end]

Skill      XL: |  1  2  3  4  5  6  7  8  9 10 11 12 13 |
---------------+----------------------------------------+-----
Fighting       | 4 6 7 10 11 13 15 17 20 21 | 21.8
Armour         | 4 6 7 11 12 13 14 16 18 19 20 | 20.2
Shields        | 4 6 7 9 10 11 12 13 14 15 17 | 17.2
Polearms       | 4 8 9 12 13 15 17 19 21 | 21.3
Dodging        | 1 2 3 4 5 6 8 |  8.4
Invocations    | 4 7 10 12 14 | 14.4
Evocations     | 2 3 |  3.8
Throwing       | |  0.4

Action                   |  1- 3 |  4- 6 |  7- 9 | 10-12 | 13-15 || total
-------------------------+-------+-------+-------+-------+-------++-------
Melee: Trident           |    23 |    13 |    74 |   344 |       ||   454
       Headbutt          |     1 |     3 |    18 |   109 |    27 ||   158
       Demon trident     |       |       |       |   122 |   123 ||   245
Throw: Throwing net      |       |       |       |     1 |       ||     1
Invok: Heroism           |       |       |     1 |     3 |     1 ||     5
       Finesse           |       |       |       |     1 |       ||     1
Evoke: Wand              |       |       |     8 |       |     2 ||    10
  Use: Potion            |     1 |     2 |     2 |     5 |     6 ||    16
       Scroll            |       |       |       |     2 |     2 ||     4
Armor: Scale mail        |     7 |     1 |       |       |       ||     8
       Plate armour      |       |    11 |    30 |    58 |    61 ||   160
       Chain mail        |       |       |       |    50 |       ||    50
Dodge: Dodged            |    10 |     5 |    30 |   115 |    42 ||   202
       Repelled          |       |       |       |       |     4 ||     4
Block: Buckler           |     5 |     5 |    16 |    75 |    46 ||   147

Table legend: (Time is in decaauts)
 A = Elapsed time spent in this place.
 B = Non-inter-level travel time spent in this place.
 C = Inter-level travel time spent in this place.
 D = Time resting spent in this place.
 E = Time spent auto-exploring this place.
 F = Levels seen in this place.
 G = Mean time per level.
                   A        B        C        D        E       F      G
               +--------+--------+--------+--------+--------+-----+--------+
         Total |   4779 |   4779 |      0 |   1638 |   1357 |   1 | 4779.0 |
       Dungeon |   4779 |   4779 |      0 |   1638 |   1357 |   1 | 4779.0 |
               +--------+--------+--------+--------+--------+-----+--------+

Top non-repeatable levels by time:
       D: 4779 daAuts
